Map: Port Aleksander LE

Players

DnS - Winner!

  • Race: Protoss Protoss
  • Spawn Location: 11:00

Marinelord

  • Race: Terran Terran
  • Spawn Location: 5:00

Event: 2019 WCS Spring

VOD

Have the link to the VOD?

Description

Time

  • Played on: May 17, 2019, 9:44 a.m.
  • Length: 13:59

All games in this series

Show
View Real Time Build Order
Export as new Build Order

DnS Protoss - Winner!

Build Orders: 1 Gate Expand, Phoenix Opening 

Get SALT Encoding   

  12  0:00  Probe  
  13  0:12  Probe  
  14  0:19  Pylon  
  14  0:24  Probe  
  15  0:34  Probe  
  15  0:42  Probe  
  16  0:44  Gateway  
  17  0:52  Assimilator, Probe  
  18  1:04  Probe  
  19  1:16  Probe  
  20  1:30  Cybernetics Core  
  20  1:37  Nexus  
  20  1:43  Probe  
  21  1:49  Pylon  
  21  1:55  Probe  
  21  1:57  Assimilator, Adept  
  22  2:07  Probe  
  25  2:19  Probe  
  25  2:20  Adept  
  26  2:23  Stargate  
  28  2:34  Probe  
  29  2:38  Warp Gate  
  29  2:45  Probe  
  29  2:46  Probe  
  29  2:49  Adept  
  33  2:55  Probe  
  33  2:58  Probe  
  33  3:05  Probe  
  33  3:09  Phoenix  
  33  3:10  Probe  
  37  3:13  Probe  
  38  3:21  Probe  
  38  3:22  Probe  
  40  3:28  Gateway  
  40  3:33  Probe  
  40  3:34  Phoenix, Probe  
  40  3:39  Pylon  
  44  3:44  Pylon  
  44  3:46  Probe x2  
  46  3:51  Phoenix  
  46  3:54  Pylon  
  46  3:57  Adept  
  50  4:04  Probe  
  50  4:06  Probe  
  52  4:12  Phoenix  
  52  4:16  Probe  
  54  4:18  Probe  
  54  4:19  Assimilator  
  54  4:21  Assimilator  
  55  4:27  Pylon  
  55  4:28  Probe  
  55  4:29  Phoenix  
  55  4:30  Probe, Adept  
  61  4:40  Probe  
  61  4:44  Probe  
  61  4:48  Phoenix  
  61  4:50  Robotics Facility  
  61  4:52  Probe  
  62  4:59  Adept  
  66  5:03  Pylon  
  66  5:06  Adept  
  68  5:07  Pylon  
  68  5:12  Phoenix  
  70  5:30  Observer  
  70  5:40  Probe x2, Adept x2  
  70  5:42  Robotics Bay  
  77  5:43  Pylon  
  77  5:45  Nexus  
  77  5:48  Pylon  
  77  5:51  Observer  
  77  5:52  Probe  
  77  5:54  Probe  
  80  5:58  Pylon  
  80  6:01  Immortal  
  80  6:05  Probe  
  81  6:16  Probe  
  81  6:17  Probe  
  87  6:18  Forge  
  87  6:19  Sentry  
  87  6:20  Pylon, Gateway  
  89  6:27  Colossus  
  89  6:28  Probe, Pylon  
  89  6:29  Probe  
  91  6:38  Extended Thermal Lance  
  97  6:47  Observer  
  97  6:49  Probe  
  97  6:52  Probe  
  97  6:53  Protoss Ground Weapons Level 1  
  99  6:57  Probe  
  100  7:01  Probe  
  100  7:04  Gateway  
  100  7:05  Gateway  
  100  7:06  Probe  
  100  7:07  Colossus, Gateway  
  102  7:14  Sentry  
  104  7:16  Probe, Pylon  
  104  7:22  Twilight Council  
  111  7:25  Probe x2  
  111  7:28  Probe  
  111  7:29  Assimilator  
  113  7:32  Assimilator  
  113  7:36  Pylon  
  114  7:37  Probe, Forge  
  114  7:45  Colossus  
  110  7:58  Zealot x3  
  110  8:04  Probe x2  
  120  8:07  Robotics Facility  
  120  8:10  Probe  
  121  8:15  Charge  
  121  8:16  Probe  
  122  8:24  Nexus  
  122  8:25  Probe x2  
  124  8:27  Pylon  
  124  8:28  Probe  
  124  8:33  Zealot x3, Sentry  
  133  8:35  Immortal, Protoss Ground Armor Level 1  
  137  8:48  Probe x2  
  137  8:49  Probe  
  144  8:55  Immortal  
  144  8:57  Protoss Ground Weapons Level 2  
  144  9:04  Immortal  
  144  9:05  Observer  
  144  9:06  Stalker x2  
  149  9:20  Templar Archives  
  149  9:24  Gateway  
  149  9:26  Gateway  
  149  9:27  Gateway  
  149  9:30  Immortal  
  149  9:31  Zealot  
  149  9:32  Zealot x3  
  159  9:40  Zealot x2  
  159  9:43  Immortal  
  167  9:50  Pylon  
  165  9:58  High Templar x3  
  171  10:00  High Templar  
  171  10:02  Archon  
  171  10:03  Warp Prism  
  173  10:07  Archon  
  173  10:08  Gateway  
  173  10:09  Zealot  
  173  10:12  Photon Cannon  
  172  10:17  Probe x4  
  172  10:20  Immortal  
  169  10:22  Photon Cannon  
  169  10:28  Photon Cannon  
  169  10:30  Blink  
  172  10:36  Protoss Ground Armor Level 2  
  170  10:43  Stalker x3  
  175  10:51  Zealot  
  175  10:52  Zealot  
  161  11:05  High Templar  
  161  11:06  High Templar  
  161  11:11  Archon  
  158  11:13  Observer  
  140  11:28  High Templar x4  
  140  11:29  Zealot x2  
  140  11:32  Archon  
  144  11:39  Probe  
  143  11:40  Probe x2  
  143  11:45  Zealot  
  144  11:59  Zealot, High Templar x2  
  150  12:02  Nexus  
  150  12:03  Archon  
  150  12:04  Zealot x4  
  157  12:10  Pylon  
  157  12:11  Probe, Pylon  
  157  12:12  Probe  
  157  12:25  High Templar x2  
  157  12:26  High Templar x2  
  157  12:29  Archon  
  165  12:30  Archon  
  164  12:38  Stalker x4  
  164  12:42  Photon Cannon  
  160  12:52  Observer  
  160  12:57  Stalker  
  136  13:00  Stalker x2  
  136  13:04  Observer  
  141  13:07  Stalker x3  
  141  13:08  Stalker x2  
  141  13:10  Probe  
  152  13:18  Probe  
  140  13:20  Probe  
  140  13:21  Probe  
  140  13:23  Stalker x2  
  140  13:24  Stalker  
  132  13:55  Stalker x7  
Show
View Real Time Build Order
Export as new Build Order

Marinelord Terran 

Build Orders: Reaper Expand, Mech 

Get SALT Encoding   

  12  0:00  SCV  
  13  0:12  SCV  
  14  0:18  Supply Depot  
  14  0:24  SCV  
  15  0:39  SCV  
  15  0:40  Barracks  
  16  0:47  Refinery  
  16  0:51  SCV  
  17  1:03  SCV  
  18  1:16  SCV  
  19  1:28  Orbital Command  
  19  1:29  Reaper  
  20  1:48  Command Center  
  20  1:55  SCV  
  20  1:58  Bunker  
  21  2:02  Barracks Reactor  
  21  2:06  Supply Depot  
  21  2:10  SCV  
  22  2:17  Refinery  
  23  2:22  SCV  
  23  2:31  Factory  
  23  2:35  SCV  
  24  2:39  Marine x2  
  26  2:47  SCV  
  27  2:57  Marine x2  
  29  2:59  SCV  
  30  3:11  SCV  
  31  3:13  Orbital Command  
  31  3:17  Starport  
  31  3:18  Widow Mine  
  31  3:19  Marine x2  
  35  3:24  SCV  
  36  3:36  SCV  
  37  3:45  SCV, Command Center  
  38  3:49  Widow Mine  
  38  3:51  Marine  
  38  3:52  Marine  
  38  3:54  SCV  
  43  3:57  SCV  
  44  4:06  SCV  
  44  4:09  SCV  
  46  4:12  Factory Tech Lab  
  46  4:16  Supply Depot x2  
  46  4:18  SCV, Medivac  
  46  4:24  Marine x2  
  49  4:27  SCV  
  49  4:31  SCV  
  53  4:35  Supply Depot  
  53  4:39  SCV  
  53  4:44  Marine x2  
  53  4:45  Siege Tank  
  59  4:49  SCV, Starport Tech Lab  
  60  4:53  SCV  
  61  5:01  SCV  
  61  5:02  Marine x2  
  64  5:07  Orbital Command  
  64  5:08  SCV  
  64  5:13  SCV  
  68  5:18  Barracks  
  68  5:19  Barracks  
  68  5:22  Marine x2  
  68  5:24  SCV  
  71  5:31  Factory Reactor, Refinery  
  71  5:32  Refinery  
  63  5:39  SCV x2  
  63  5:40  SCV, Marine x2  
  63  5:41  Factory  
  63  5:42  Factory  
  68  5:47  Cyclone, Mag-Field Accelerator  
  70  5:51  SCV  
  70  5:55  Supply Depot  
  70  5:56  Supply Depot  
  71  5:58  Marine x2  
  71  6:00  SCV  
  71  6:01  SCV  
  71  6:03  SCV  
  77  6:12  SCV  
  77  6:15  SCV  
  81  6:19  Cyclone  
  81  6:24  SCV  
  84  6:27  Factory  
  84  6:28  Orbital Command, Factory  
  84  6:29  SCV  
  79  6:36  SCV  
  79  6:37  Cyclone  
  79  6:40  Starport Reactor  
  79  6:41  SCV  
  80  6:48  SCV  
  80  6:51  Widow Mine x2  
  80  6:53  Armory, SCV x2  
  87  6:56  Armory  
  87  6:59  Engineering Bay  
  87  7:01  SCV  
  88  7:05  SCV  
  88  7:07  SCV  
  90  7:11  Cyclone x2, Factory Tech Lab  
  90  7:12  Factory Reactor, Refinery  
  90  7:13  SCV  
  97  7:17  Hellion x2  
  97  7:19  SCV x2  
  97  7:21  Refinery  
  103  7:25  SCV  
  103  7:29  Missile Turret  
  104  7:30  Missile Turret  
  104  7:31  SCV x2, Missile Turret  
  104  7:33  Cyclone  
  109  7:40  SCV  
  109  7:43  SCV  
  109  7:47  Supply Depot  
  109  7:48  SCV  
  109  7:49  Supply Depot  
  109  7:50  Supply Depot x2  
  107  7:52  SCV  
  107  7:55  SCV, Hellion x2  
  107  7:57  Hellion  
  108  8:00  SCV  
  109  8:08  Infernal Pre-Igniter  
  109  8:09  SCV, Cyclone x2  
  109  8:10  Cyclone  
  109  8:12  Terran Vehicle Weapons Level 1  
  121  8:14  Terran Vehicle And Ship Armor Level 1  
  119  8:20  Command Center  
  119  8:22  Drilling Claws  
  119  8:23  Hellion x4  
  127  8:27  Supply Depot x2  
  127  8:32  Liberator  
  127  8:41  Cyclone  
  130  8:45  Widow Mine x4  
  130  8:48  Cyclone x2  
  138  8:55  SCV x3  
  144  9:07  SCV x3  
  147  9:11  Refinery  
  147  9:12  Hellion x4, Refinery  
  147  9:13  Cyclone  
  153  9:19  SCV  
  153  9:20  SCV  
  155  9:25  Factory x2  
  155  9:26  Factory, Supply Depot  
  155  9:27  Supply Depot  
  155  9:29  Supply Depot  
  155  9:32  Cyclone  
  155  9:34  Cyclone  
  155  9:35  Hellion  
  163  9:45  Cyclone  
  167  9:52  Hellion x2  
  167  9:53  Hellion  
  167  9:56  Supply Depot  
  167  9:58  Planetary Fortress  
  165  10:02  SCV x3  
  165  10:03  Missile Turret  
  165  10:04  Command Center  
  165  10:06  Terran Vehicle Weapons Level 2  
  168  10:08  Liberator x2  
  168  10:10  Terran Vehicle And Ship Armor Level 2  
  164  10:17  Factory Tech Lab x3  
  164  10:28  Cyclone  
  173  10:31  Hellion x3  
  174  10:51  Command Center  
  174  10:54  Cyclone x4  
  176  11:09  Cyclone x2  
  177  11:16  Liberator x2  
  150  11:19  Hellion x3  
  150  11:20  Hellion  
  146  11:26  Cyclone x3  
  146  11:27  Hellion  
  145  11:37  Orbital Command  
  151  11:41  Hellion x7, Widow Mine x2  
  155  11:49  Cyclone x3  
  158  11:58  Liberator  
  158  12:01  Cyclone x3  
  167  12:02  Hellion  
  167  12:07  Planetary Fortress  
  169  12:11  Refinery  
  169  12:21  Cyclone  
  171  12:27  Hellion x2  
  171  12:28  Hellion x2  
  179  12:36  Cyclone x2  
  188  12:39  Refinery  
  185  12:44  Liberator  
  185  12:48  Command Center  
  170  12:54  Cyclone x2  
  170  12:56  Hellion x4  
  170  12:57  Cyclone  
  147  13:04  Hellion  
  133  13:16  Cyclone x2  
  133  13:19  Widow Mine  
  129  13:25  Cyclone  
Tags
 
Add a new tag
Caveats
  • Supply blocks, unpowered buildings, or Contaminate may cause inaccurate times.
  • Supply counts are checked every 10 seconds.